 Dungeon Crawl Stone Soup version 0.32-a0-576-g706899e69d (webtiles) character file.

Game seed: 10934542267963210167

1740790 pisaster the Slayer (level 27, 269/269 HPs)
             Began as a Pale Draconian Monk on Mar 2, 2024.
             Was the Champion of Okawaru.
             Escaped with the Orb
             ... and 3 runes!
             The game lasted 04:37:43 (70032 turns).

pisaster the Slayer (Pale Draconian Monk)          Turns: 70032, Time: 04:37:44

Health: 269/269    AC: 27    Str: 16    XL:     27
Magic:  42/42      EV: 38    Int: 17    God:    Okawaru [******]
Gold:   6919       SH: 22    Dex: 30    Spells: 16/34 levels left

rFire   . . .        F - +9 quick blade (elec)
rCold   + + +        m - +3 kite shield {AC+3}
rNeg    + + .        (body armour unavailable)
rPois   +            S - +3 hat of Pondering {ponderous, Will+ MP+10 Int+5}
rElec   +            c - +2 cloak {rCorr}
rCorr   +            X - +1 pair of gloves of the Kangaroo {rElec rC+++ Will- Regen+}
SInv    +            e - +2 pair of boots {Stlth+}
Will    +++..        v - amulet of Balance {Rampage rPois Regen+ Dex+2 SInv}
Stlth   +            a - ring "Wigoeme" {rN+ rCorr Dex+6}
HPRegen 2.24/turn    T - +4 ring of slaying
MPRegen 0.28/turn

%: rampage
@: maw-form, hasted, studying Ranged Weapons, very quick
A: devouring maw, steam breath, AC +13, unfitting armour, cold-blooded, steam
resistance, clumsy 2, passive freeze
0: Orb of Zot
}: 3/15 runes: serpentine, barnacled, silver
a: Steam Breath, Begin Untransformation, Renounce Religion, Heroism, Finesse,
Duel


You escaped.
You worshipped Okawaru.
Okawaru was exalted by your worship.
You were a creature with a mouth for a stomach.
You visited 10 branches of the dungeon, and saw 50 of its levels.
You visited 1 bazaar.
You visited 1 ziggurat, and saw 8 of its levels.
You also visited: Sewer, Ossuary, Ice Cave and Desolation.

You collected 11143 gold pieces.
You spent 4224 gold pieces at shops.

Inventory:

Hand Weapons
 F - a +9 quick blade of electrocution (weapon)
Missiles
 b - 39 javelins
 i - 30 curare-tipped darts
 J - 3 datura-tipped darts
 M - 15 darts of dispersal
 Q - 83 boomerangs
 R - 24 silver javelins
 W - 9 throwing nets
Armour
 c - a +2 cloak of preservation (worn)
 e - a +2 pair of boots of stealth (worn)
 m - a +3 kite shield of protection (worn)
 u - the +0 pair of gloves of Ofymn {Str+3 Int+4 Dex+3}
   (You found it in the Desolation of Salt)

   Str+3:     It affects your strength (+3).
   Int+4:     It affects your intelligence (+4).
   Dex+3:     It affects your dexterity (+3).
 S - the +3 hat of Pondering (worn) {ponderous, Will+ MP+10 Int+5}
   (You found it on level 1 of the Elven Halls)

   Int+5:     It affects your intelligence (+5).
   Will+:     It increases your willpower.
   MP+10:     It affects your magic capacity (+10).
 X - the +1 pair of gloves of the Kangaroo (worn) {rElec rC+++ Will- Regen+}
   (Okawaru gifted it to you on level 5 of the Lair of Beasts)

   rC+++:     It renders you almost immune to cold.
   rElec:     It insulates you from electricity.
   Will-:     It decreases your willpower.
   Regen+:    It increases your rate of health regeneration.
Jewellery
 a - the ring "Wigoeme" (left hand) {rN+ rCorr Dex+6}
   (You took it off a deep elf sorcerer on level 3 of the Elven Halls)

   [ring of resist corrosion]

   Dex+6:     It affects your dexterity (+6).
   rN+:       It protects you from negative energy.
   rCorr:     It protects you from acid and corrosion.
 k - the ring of Xenges {Wiz rC+ Int+3 Slay+3}
   (You took it off a tengu reaver on level 5 of the Vaults)

   [ring of wizardry]

   Wiz:       It improves your spell success rate.
   Int+3:     It affects your intelligence (+3).
   Slay+3:    It affects your accuracy & damage with ranged weapons and melee
   (+3).
   rC+:       It protects you from cold.
 v - the amulet of Balance (around neck) {Rampage rPois Regen+ Dex+2 SInv}
   (You found it on level 3 of the Elven Halls)

   [amulet of regeneration]

   Dex+2:     It affects your dexterity (+2).
   rPois:     It protects you from poison.
   SInv:      It lets you see invisible.
   Regen+:    It increases your rate of health regeneration.
   Rampage:   It bestows one free step when moving towards enemies.
 D - a ring of protection from fire
 N - a ring of see invisible
 T - a +4 ring of slaying (right hand)
 Z - a ring of willpower
Talismans
 G - the maw talisman "Asupey" (active) {rN+ Will+ Dex+2}
   (You found it on level 2 of the Shoals)

   [maw talisman]

   Dex+2:     It affects your dexterity (+2).
   rN+:       It protects you from negative energy.
   Will+:     It increases your willpower.
Wands
 A - a wand of quicksilver (51)
 C - a wand of polymorph (33)
 O - a wand of roots (79)
Scrolls
 d - 3 scrolls of silence
 h - 8 scrolls of immolation
 l - 19 scrolls of teleportation
 o - 2 scrolls of noise
 r - 11 scrolls of blinking
 s - 9 scrolls of fog
 B - 8 scrolls of poison
 E - 11 scrolls of fear
 K - 2 scrolls of revelation
 L - 5 scrolls of vulnerability
 V - 3 scrolls of torment
Potions
 f - 13 potions of enlightenment
 g - 22 potions of curing
 j - 7 potions of haste
 n - 7 potions of magic
 q - 3 potions of attraction
 t - 5 potions of resistance
 w - 5 potions of might
 x - 7 potions of berserk rage
 z - 16 potions of mutation
 H - 13 potions of heal wounds
 I - 9 potions of lignification
 P - 5 potions of invisibility
 U - a potion of cancellation
Miscellaneous
 p - a phial of floods
 Y - a tin of tremorstones (2/2)


   Skills:
 + Level 26.1 Fighting
 - Level 12.8(14.0) Short Blades
 - Level 9.1(12.2) Long Blades
 - Level 6.0 Throwing
 + Level 22.7 Dodging
 - Level 22.0 Shields
 - Level 4.0 Spellcasting
 - Level 8.0 Necromancy
 - Level 10.0 Translocations
 - Level 9.0 Air Magic
 - Level 13.0 Invocations
 - Level 19.0 Shapeshifting


You had 16 spell levels left.
You knew the following spells:

 Your Spells              Type           Power      Damage    Failure   Level
a - Lesser Beckoning      Tloc           74%        N/A       1%          2
b - Blink                 Tloc           74%        N/A       1%          2
c - Fugue of the Fallen   Necr           30%        N/A       2%          3
d - Vhi's Electric Charg  Tloc/Air       70%        N/A       3%          4
e - Teleport Other        Tloc           37%        N/A       1%          3
f - Passage of Golubria   Tloc           37%        N/A       3%          4

Your spell library contained the following spells:

 Spells                   Type           Power      Damage    Failure   Level
 Sublimation of Blood     Necr           30%        N/A       1%          2
 Gell's Gravitas          Tloc           37%        N/A       1%          3
 Swiftness                Air            34%        N/A       1%          3
 Shock                    Conj/Air       72%        1d7       3%          1
 Cigotuvi's Dreadful Rot  Necr/Alch/Air  44%        N/A       3%          2
 Momentum Strike          Conj/Tloc      40%        3d9       3%          2
 Manifold Assault         Tloc           37%        N/A       3%          4
 Airstrike                Air            17%        2d(3-19)  4%          4
 Dispel Undead            Necr           30%        3d14      7%          4
 Volatile Blastmotes      Fire/Tloc      40%        2d13      8%          3
 Mephitic Cloud           Conj/Alch/Air  13%        N/A       17%         3
 Foxfire                  Conj/Fire      12%        2x1d4     19%         1
 Freeze                   Ice            12%        1d3       19%         1
 Curse of Agony           Necr           30%        N/A       21%         5
 Dimensional Bullseye     Hex/Tloc       10%        N/A       24%         4
 Iskenderun's Mystic Bla  Conj/Tloc      20%        2d6       24%         4
 Ensorcelled Hibernation  Hex/Ice        6%         N/A       28%         2
 Jinxbite                 Hex            6%         N/A       28%         2
 Scorch                   Fire           6%         2d5       28%         2
 Anguish                  Hex/Necr       8%         N/A       36%         4
 Dispersal                Tloc           18%        N/A       43%         6
 Confusing Touch          Hex            3%         N/A       50%         3
 Dazzling Flash           Conj/Hex       6%         N/A       50%         3
 Frozen Ramparts          Ice            6%         1d1       50%         3
 Hailstorm                Conj/Ice       3%         3d5       50%         3
 Inner Flame              Hex/Fire       3%         N/A       50%         3
 Passwall                 Erth           3%         N/A       50%         3
 Sigil of Binding         Hex            3%         N/A       50%         3
 Stone Arrow              Conj/Erth      6%         3d7       50%         3
 Arcjolt                  Conj/Air       9%         1d19      63%         5
 Silence                  Hex/Air        9%         N/A       63%         5
 Borgnjor's Vile Clutch   Necr/Erth      8%         N/A       71%         5
 Freezing Cloud           Conj/Ice/Air   6%         6-21      83%         5
 Brom's Barrelling Bould  Conj/Erth      3%         2d3       88%         4
 Cause Fear               Hex            1%         N/A       88%         4
 Flame Wave               Conj/Fire      3%         2d5       88%         4
 Fulminant Prism          Conj/Alch      1%         3d5       88%         4
 Ignite Poison            Fire/Alch      3%         N/A       88%         4
 Olgreb's Toxic Radiance  Alch           3%         N/A       88%         4
 Petrify                  Alch/Erth      3%         N/A       88%         4
 Fireball                 Conj/Fire      1%         3d3       99%         5
 Irradiate                Conj/Alch      1%         3d12      99%         5
 Iskenderun's Battlesphe  Conj           3%         2d6       99%         5
 Lee's Rapid Deconstruct  Erth           1%         3d4*      99%         5
 Yara's Violent Unravell  Hex/Alch       1%         3d3       99%         5
 Conjure Ball Lightning   Conj/Air       9%         3x3d6     99%         6
 Plasma Beam              Fire/Air       9%         2x1d19    99%         6
 Eringya's Noxious Bog    Alch           1%         4d6       100%        6
 Starburst                Conj/Fire      1%         6d3       100%        6
 Enfeeble                 Hex            1%         N/A       100%        7
 Orb of Destruction       Conj           1%         9d5       100%        7
 Ozocubu's Refrigeration  Ice            1%         4d7       100%        7
 Borgnjor's Revivificati  Necr           15%        N/A       100%        8
 Discord                  Hex            1%         N/A       100%        8
 Disjunction              Tloc           18%        N/A       100%        8
 Lehudib's Crystal Spear  Conj/Erth      1%         10d2      100%        8
 Maxwell's Capacitive Co  Air            17%        ∞         100%        8
 Death's Door             Necr           15%        N/A       100%        9
 Fire Storm               Conj/Fire      1%         8d1       100%        9
 Animate Dead             Necr           Unusable   N/A       N/A         4
 Summon Lightning Spire   Summ/Air       Unusable   N/A       N/A         4
 Tukima's Dance           Hex            Unusable   N/A       N/A         3
 Summon Forest            Summ/Tloc      Unusable   N/A       N/A         5
 Death Channel            Necr           Unusable   N/A       N/A         6
 Animate Armour           Summ/Erth      Unusable   N/A       N/A         4
 Summon Cactus Giant      Summ           Unusable   N/A       N/A         6
 Haunt                    Necr/Summ      Unusable   N/A       N/A         7
 Summon Hydra             Summ           Unusable   N/A       N/A         7

Dungeon Overview and Level Annotations

Branches:
Dungeon (15/15)            Temple (0/1) D:7            Lair (5/5) D:11
 Shoals (4/4) Lair:2        Snake (4/4) Lair:2        Slime (0/5) Lair:4
    Orc (2/2) D:10            Elf (3/3) Orc:2        Vaults (5/5) D:14
  Crypt (3/3) Vaults:3       Tomb (0/3) Crypt:3      Depths (4/4) D:15
    Zot (5/5) Depths:4      Sewer (visited)         Ossuary (visited)
  IceCv (visited)         Desolation (visited)

Altars:
Ashenzari
Elyvilon
Gozag
Kikubaaqudgha
Makhleb
Nemelex Xobeh
Okawaru
Sif Muna
Trog
Xom
Yredelemnul
Zin
The Shining One

Shops:
D:3 ?[(   D:5 **   D:6 :   D:7 =   D:8 =   Orc:1 !([[   Orc:2 !?[:   Elf:2 :
Shoals:1 *   Shoals:2 *   Shoals:3 :   Shoals:4 (   Snake:3 :==   Snake:4 ([?:
Vaults:3 (   Vaults:5 (   Depths:1 :

Portals:
Hell: Depths:1 Depths:2 Depths:3 Depths:4
Abyss: Depths:3
Pandemonium: Orc:2 Depths:2
Trove: D:11 (lose all piety)

Annotations:
D:7 3 runed translucent doors, BeKind's ghost, novice MiBe
Elf:1 2 transporters, sdfx's ghost, adept MDRe
Elf:2 +dig vault
Elf:3 2 transporters, Ynwoy's ghost, journeyman FeSu
Vaults:2 dig vault
Zot:2 2 transporters


Innate Abilities, Weirdness & Mutations

You are a creature with a mouth for a stomach.
Your midsection houses a second, enormous mouth.
You can breathe blasts of scalding, opaque steam.
Your pale cyan-grey scales are hard. (AC +13)
You cannot fit into any form of body armour.
You are cold-blooded and may be slowed by cold attacks.
You are immune to the effects of steam.
You are very clumsy. (Dex -4)
A frigid envelope surrounds you and freezes all who hurt you.


Message History

You hit the Hell Sentinel but do no damage. x2
You tail-slap the Hell Sentinel!
The Hell Sentinel is severely wounded.
The Hell Sentinel gestures at you.
The sphere of damnation explodes!
The damnation engulfs you!!!
The damnation engulfs the Hell Sentinel.
The Hell Sentinel completely resists.
You hit the Hell Sentinel but do no damage.
You barely miss the Hell Sentinel.
The Hell Sentinel is almost dead.
You hit the Hell Sentinel.
You tail-slap the Hell Sentinel, but do no damage.
You puncture the Hell Sentinel!
You tail-slap the Hell Sentinel, but do no damage.
You bite the Hell Sentinel, but do no damage.
The Hell Sentinel is almost dead.
The Hell Sentinel gestures at you.
The sphere of damnation explodes!
The damnation engulfs you!!
The damnation engulfs the Hell Sentinel.
The Hell Sentinel completely resists.
You puncture the Hell Sentinel!
You kill the Hell Sentinel!
You hit the Orb Guardian.
You tail-slap the Orb Guardian, but do no damage.
Your bite misses the Orb Guardian. You puncture the Orb Guardian!
You tail-slap the Orb Guardian, but do no damage.
Your bite misses the Orb Guardian.
The Orb Guardian is moderately wounded.
You puncture the Orb Guardian!
You hit the Orb Guardian but do no damage.
You tail-slap the Orb Guardian!
The Orb Guardian is severely wounded.
You hit the Orb Guardian but do no damage.
You tail-slap the Orb Guardian, but do no damage.
You bite the Orb Guardian, but do no damage.
You hit the Orb Guardian.
You tail-slap the Orb Guardian, but do no damage.
Your bite misses the Orb Guardian.
The Orb Guardian is almost dead.
You puncture the Orb Guardian!
You kill the Orb Guardian!
There is a stone staircase leading up here.
You climb upwards.
There is a stone staircase leading down here.
A daeva comes into view.
It is wielding a +2 scimitar of holy wrath.
Unknown command.
You charge forward with an electric crackle!
The daeva blocks your attack.
You tail-slap the daeva, but do no damage.
The daeva blocks your attack. x2
The daeva is lightly wounded.
You hit the daeva. You barely miss the daeva. The daeva blocks your attack.
Your bite misses the daeva.
The daeva is lightly wounded.
You hit the daeva. You bite the daeva, but do no damage. You hit the daeva.
The daeva is moderately wounded.
The daeva calls down the wrath of the Shining One upon you.
The Shining One smites you!
You puncture the daeva! The daeva blocks your attack.
You tail-slap the daeva, but do no damage.
The daeva is almost dead.
You hit the daeva but do no damage.
You kill the daeva!
Things that are here:
a +2 scimitar of holy wrath; a +0 tower shield A shadow demon comes into view.
You can't go up here!
Unknown command.
Unknown command.
There is a stone staircase leading up here.
You climb upwards.
There is a stone staircase leading down here.
There is a stone staircase leading up here.
There are no items here.
Unknown command.
Unknown command.
Unknown command.
You climb upwards.
There is a stone staircase leading down here.
There is a stone staircase leading up here.
You climb upwards.
There is a stone staircase leading down here.
An orange demon comes into view.
Unknown command.
Unknown command.
There is a stone staircase leading up here.
You climb upwards.
There is a stone staircase leading down here.
You feel yourself speed up.
A neqoxec comes into view.
Aiming: Steam Breath
Press: ? - help, Shift-Dir - straight line, f - neqoxec
Aim: a neqoxec (70% to hit)
You exhale a blast of scalding steam.
You feel a bit more experienced.
Your extra speed is starting to run out.
You feel yourself slow down.
You feel yourself speed up.
There is a staircase leading out of the dungeon here.
Unknown command.
You have escaped!

####...###.######.#
##.#.####..## .........#.#
#.###.###........ ##.......#.#
#......#.......#. #.........#
#.#####.#####.##. #.........#
##.#####.#####.##.
##........#####.................
##...#.....#.#(######..#######.
#...##.....##.#.#####..# ##
#.####.....###W#.......# #.#
#....©##©#.####...#####
###.####.#########.# #.......#
.....÷.)..########## #...###.#
###..###.....##....###.### #.#
#..# #.....##........# #.# #..#
#....[##.....#### #.# #..#
#......#.....# #.# #..#
##....######## #.##


There were no monsters in sight!

Vanquished Creatures
  3 dread liches (Zot:5)
  3 ancient liches
  Khufu (Crypt:1)
  5 orbs of fire (Zot:5)
  Mennas (Vaults:3)
  Sojobo (Crypt:1)
  2 royal mummies
  Boris (twice) (Vaults:3 Vaults:5)
  Saint Roka (Elf:2)
  2 Killer Klowns (Zot:5)
  Bai Suzhen (Snake:4)
  2 curse toes
  Jory (Depths:4)
  5 caustic shrikes (Depths:4)
  Nikola (Snake:3)
  A profane servitor (Crypt:3)
  Norris (Depths:1)
  11 golden dragons
  A bone dragon (Crypt:3)
  A Tzitzimitl (Zot:5)
  4 electric golems
  Rupert (Lair:4)
  Jorgrun (Snake:1)
  A Hell Sentinel (D:6)
  16 tentacled monstrosities
  3 liches
  28 Orb Guardians
  4 titans (Vaults:5)
  A walking divine tome (Depths:3)
  2 deep elf blademasters (Elf:3)
  2 deep elf master archers (Elf:3)
  8 quicksilver dragons
  8 death cobs
  3 sphinxes
  6 ancient champions
  Agnes (D:15)
  13 shadow dragons
  7 tengu reavers
  15 storm dragons
  Roxanne (Shoals:2)
  2 revenants
  6 fire giants
  Aizul (Snake:3)
  5 draconian monks
  4 protean progenitors
  3 nagarajas
  A daeva (D:5)
  7 draconian knights
  4 imperial myrmidons (Desolation)
  13 frost giants
  4 draconian shifters
  2 iron dragons
  18 vault wardens
  5 draconian scorchers
  A balrug (Depths:1)
  6 deep elf elementalists
  A spectral caustic shrike (Crypt:3)
  3 orc warlords
  A juggernaut zombie (Crypt:1)
  5 deep elf sorcerers
  3 curse skulls
  A ghost moth (Zot:4)
  An angel (Vaults:1)
  3 draconian stormcallers
  15 stone giants
  4 ghouls
  A cacodemon (Depths:2)
  2 broodmothers (Zot:3)
  A formless jellyfish (Vaults:4)
  A spriggan defender (Depths:3)
  9 very ugly things
  14 ironbound preservers
  7 draconian annihilators
  The ghost of Afosuck the Cleaver, a journeyman HOFi of Gozag (D:13)
  5 vampire knights
  A juggernaut skeleton (Crypt:1)
  7 deep elf death magi
  2 bennus (Zig:7)
  7 green draconians
  4 deep elf demonologists (Elf:3)
  12 ironbound thunderhulks
  11 red draconians
  6 purple draconians
  A spectral titan (Crypt:3)
  7 white draconians
  5 war gargoyles
  11 yellow draconians
  A halazid warlock (Desolation)
  8 black draconians
  9 dire elephants
  2 eidola
  6 deep elf annihilators
  Azrael (D:12)
  6 spark wasps
  2 crystal guardians (Desolation)
  12 ettins
  Snorg (D:14)
  An acid blob zombie (Crypt:2)
  11 merfolk javelineers
  Josephine (Lair:4)
  10 fire dragons
  9 merfolk impalers
  2 entropy weavers
  12 jiangshi
  2 mummy priests (Zig:3)
  8 yaktaur captains
  5 deep elf high priests
  4 great orbs of eyes
  7 ragged hierophants (Desolation)
  7 servants of whispers (Desolation)
  A hell beast (Depths:1)
  2 ogre magi
  9 peacekeepers
  8 hydras
  2 rakshasas
  3 salamander tyrants (Snake:4)
  27 vault guards
  4 ice dragons
  3 merfolk avatars
  A demonspawn (Orc:2)
  20 centaur warriors
  9 anacondas
  2 alligator snapping turtles
  2 catoblepae (Lair:5)
  3 death knights
  10 ironbound frosthearts
  2 spriggan air magi (Depths:2)
  A sphinx zombie (Vaults:3)
  26 dancing weapons
  2 two-headed ogres (shapeshifter) (Vaults:5)
  13 two-headed ogres
  4 death yaks (Lair:5)
  5 satyrs
  3 merfolk aquamancers (Shoals:3)
  3 boulder beetles
  6 deep troll shamans
  7 deep troll earth magi
  9 tengu warriors
  6 orc high priests (Orc:2)
  29 naga warriors
  3 spriggan berserkers
  2 vampire magi
  A titan zombie (Crypt:2)
  An occultist (Depths:1)
  14 naga sharpshooters
  Urug (Lair:5)
  8 shock serpents
  8 sun demons
  Sonja (Lair:5)
  A fire crab (Lair:3)
  A shock serpent (shapeshifter) (Vaults:5)
  18 deep elf knights
  4 hell knights (Depths:3)
  A sixfirhy (Orc:2)
  A titan skeleton (Crypt:1)
  2 shadow wraiths (Crypt:3)
  Lodul (D:14)
  A bunyip zombie (Crypt:1)
  A spark wasp zombie (Depths:3)
  12 sea snakes
  5 iron trolls
  3 flayed ghosts
  6 salamander mystics
  31 skeletal warriors
  9 skysharks
  An orb spider (shapeshifter) (Vaults:5)
  4 glowing orange brains
  A deep troll (shapeshifter) (Vaults:2)
  10 mana vipers
  13 deep elf archers
  48 deep trolls
  11 necromancers
  4 bog bodies (Crypt:3)
  A spriggan simulacrum (Crypt:3)
  12 phantasmal warriors
  A sun moth (Shoals:4)
  6 naga ritualists
  Pikel (D:5)
  4 lindwurms
  29 harpies
  5 arcanists
  4 thermic dynamos
  25 ironbound convokers
  9 orc sorcerers
  2 shadow dragon zombies
  26 deep elf zephyrmancers
  A wolf spider zombie (D:13)
  A stone giant zombie (Crypt:2)
  2 golden dragon skeletons (Zig:7)
  39 deep elf pyromancers
  18 orc knights
  15 fauns
  A wolf spider (Vaults:5)
  12 cyclopes
  A manticore (shapeshifter) (Vaults:5)
  29 ugly things
  16 moths of wrath
  14 manticores
  7 merfolk sirens
  21 salamanders
  A meliai (Zot:5)
  2 ice statues (IceCv)
  11 elephants
  3 centaur zombies
  3 kobold blastminers (Zig:6)
  12 guardian serpents
  31 naga magi
  A dire elephant zombie (Crypt:2)
  A torpor snail (shapeshifter) (Vaults:5)
  A shock serpent zombie (Crypt:1)
  16 vault sentinels
  A molten gargoyle (Desolation)
  A water nymph (shapeshifter) (Vaults:1)
  45 black mambas
  2 smoke demons
  A centaur skeleton (Crypt:2)
  6 water nymphs
  The ghost of Splishie the Insei, a novice GnSh of Okawaru (D:5)
  7 rime drakes
  6 freezing wraiths
  A large abomination (Crypt:3)
  A naga skeleton (Crypt:1)
  7 tengu conjurers
  2 efreet
  13 cane toads
  8 komodo dragons
  4 kobold demonologists
  An unseen horror (D:11)
  A purple draconian skeleton (Crypt:1)
  2 guardian mummies (Zig:7)
  27 yaktaurs
  An ice devil (Orc:2)
  36 merfolk
  The ghost of HC7 the Ruffian, an amateur TrWr (D:6)
  A harpy zombie (Crypt:3)
  A hellwing (Orc:2)
  A queen bee (shapeshifter) (D:14)
  8 trolls
  Prince Ribbit (D:5)
  53 saltlings (Desolation)
  12 wind drakes
  8 blink frogs
  5 hornets
  5 polar bears
  17 snapping turtles
  A raiju (shapeshifter) (D:15)
  A glass eye (Depths:2)
  A blink frog (shapeshifter) (D:14)
  24 dream sheep
  An iron dragon simulacrum (Depths:3)
  27 slime creatures
  A culicivora (shapeshifter) (D:15)
  A vampire (D:13)
  2 air elementals
  7 shadows
  4 spriggans
  4 ushabtiu
  A centaur simulacrum (D:12)
  7 wyverns
  A spriggan skeleton (Zig:3)
  20 wraiths
  5 basilisks
  20 water elementals
  A wind drake skeleton (Crypt:2)
  22 yaks
  3 fire elementals
  4 wargs
  5 vampire mosquitoes (D:12)
  16 humans
  2 chaos spawn
  2 redbacks (Vaults:3)
  A neqoxec (D:1)
  2 steam dragons
  Menkaure (D:7)
  78 nagas
  A deep troll zombie (Crypt:1)
  3 small abominations (Crypt:3)
  4 hell hounds (D:12)
  3 acid dragons
  Duvessa (D:5)
  11 water moccasins
  A glowing shapeshifter skeleton (Vaults:3)
  A water nymph skeleton (Crypt:2)
  A meliai simulacrum (D:15)
  42 orc warriors
  Pargi (Sewer)
  A swamp drake (Zig:2)
  20 laughing skulls
  An ice beast (D:6)
  An ogre (shapeshifter) (D:15)
  10 black bears
  11 wolves
  A boggart (D:13)
  20 ogres
  10 centaurs
  The ghost of Biggs the Magician, an amateur DjCj (D:3)
  A phantom (D:6)
  A blink frog skeleton (Crypt:2)
  3 kobold brigands
  2 weeping skulls (Crypt:3)
  A rime drake skeleton (Crypt:1)
  2 brain worms (Sewer)
  A naga simulacrum (Crypt:2)
  3 gnoll sergeants
  5 scorpions
  12 bullfrogs
  5 earth elementals
  A cane toad simulacrum (IceCv)
  A human skeleton (Vaults:3)
  4 wights (Ossuary)
  6 burial acolytes
  A raiju zombie (Crypt:1)
  Dowan (D:5)
  A yak zombie (Crypt:1)
  5 killer bees (D:9)
  A polar bear zombie (Crypt:1)
  A raiju skeleton (Crypt:2)
  8 howler monkeys
  3 electric eels
  2 bombardier beetles
  A bullfrog zombie (D:5)
  A hound (D:5)
  19 orc priests
  Crazy Yiuf (D:7)
  A gnoll bouda (D:7)
  4 iguanas
  A bullfrog skeleton (Crypt:2)
  21 orc wizards
  6 hell rats (Lair:4)
  A polar bear simulacrum (IceCv)
  A wolf simulacrum (IceCv)
  A tengu zombie (Crypt:2)
  7 mummies
  23 gnolls
  8 adders
  A howler monkey skeleton (D:5)
  A river rat (D:6)
  A shadow imp (D:7)
  4 ufetubi
  An adder zombie (Crypt:1)
  2 ribbon worms (D:2)
  85 orcs
  10 ball pythons
  7 endoplasms
  9 giant cockroaches
  3 goblins
  5 hobgoblins
  13 jackals
  14 kobolds
  A quokka (D:3)
  A ball python skeleton (Ossuary)
  A ball python zombie (D:3)
  6 bats
  6 frilled lizards
  A hobgoblin skeleton (Ossuary)
  2 kobold skeletons (Ossuary)
  2 orc skeletons (Ossuary)
  A quokka skeleton (Crypt:2)
  A quokka zombie (D:3)
  15 rats
  A rat skeleton (Crypt:2)
  A spectral goblin (D:1)
  5 aspiring fleshes (Zot:5)
  A butterfly (D:5)
2431 creatures vanquished.

Vanquished Creatures (others)
  A draconian knight (Zot:2)
  A merfolk aquamancer (Shoals:4)
  A deep elf knight (Elf:1)
  A deep elf pyromancer (Elf:1)
  A harpy (Shoals:4)
  A manticore (Shoals:4)
  A naga (Snake:2)
  An acid dragon (Zig:8)
  A swamp drake (Zig:8)
  2 centaurs (Zig:6)
  2 orcs (Elf:2)
13 creatures vanquished.

Grand Total: 2444 creatures vanquished

Notes
Turn   | Place    | Note
-------+----------+-------------------------------------------
     0 | D:1      | pisaster the Draconian Monk began the quest for the Orb.
     0 | D:1      | Reached XP level 1. HP: 19/19 MP: 1/1
    78 | D:1      | Reached XP level 2. HP: 26/26 MP: 2/2
   439 | D:1      | Found a faded altar of an unknown god.
   453 | D:1      | Prayed at the altar of an unknown god.
   453 | D:1      | Became a worshipper of Warmaster Okawaru
   453 | D:1      | Reached * piety under Okawaru
   453 | D:1      | Reached ** piety under Okawaru
   535 | D:1      | Reached XP level 3. HP: 33/33 MP: 3/3
   812 | D:2      | Reached skill level 1 in Invocations
  1390 | D:2      | You fall into a shaft and drop 1 floor!
  1395 | D:3      | Found Qivag's Weapon Shoppe.
  1418 | D:3      | Found a runed translucent gate.
  1418 | D:3      | Found a runed translucent gate.
  1418 | D:3      | Found a runed translucent gate.
  1418 | D:3      | Noticed Biggs's ghost (amateur DjCj)
  1420 | D:3      | Found a basalt altar of Yredelemnul.
  1544 | D:3      | Reached skill level 4 in Fighting
  1544 | D:3      | Reached XP level 4. HP: 21/40 MP: 5/5
  1760 | D:3      | Killed Biggs's ghost
  1761 | D:3      | Reached XP level 5. HP: 25/47 MP: 3/6
  1768 | D:3      | Found a glowing drain.
  1777 | D:3      | Reached skill level 5 in Long Blades
  1795 | Sewer    | Entered a sewer
  2038 | Sewer    | Noticed Pargi
  2073 | Sewer    | Reached skill level 5 in Fighting
  2073 | Sewer    | Reached XP level 6. HP: 50/56 MP: 5/7
  2219 | Sewer    | Killed Pargi
  2380 | D:3      | Found Omac's Distillery.
  2402 | D:3      | Bought a potion of degeneration for 14 gold pieces
  2490 | D:3      | Found Xitomeej's Armour Boutique.
  2495 | D:3      | Bought a +0 pair of gloves for 58 gold pieces
  2529 | D:3      | Found Redept's Magic Scroll Shop.
  2532 | D:3      | Bought a scroll of identify for 22 gold pieces
  2532 | D:3      | Bought a scroll of noise for 11 gold pieces
  3002 | D:3      | Bought a scroll of identify for 22 gold pieces
  3235 | D:4      | Found a sand-covered staircase.
  3249 | Ossuary  | Entered an ossuary
  3307 | Ossuary  | Your scales start taking on a pale cyan-grey colour.
  3307 | Ossuary  | Reached XP level 7. HP: 46/60 MP: 8/8
  3307 | Ossuary  | Gained mutation: You are immune to the effects of steam.
                  | [Pale Draconian growth]
  3622 | Ossuary  | Reached skill level 6 in Fighting
  3797 | D:4      | Identified the maw talisman of the Zebrataur {Str+2}
  4450 | D:5      | Entered Level 5 of the Dungeon
  4452 | D:5      | Noticed Prince Ribbit
  4497 | D:5      | Killed Prince Ribbit
  4498 | D:5      | Reached XP level 8. HP: 63/71 MP: 9/9
  4548 | D:5      | Reached *** piety under Okawaru
  4715 | D:5      | Reached skill level 7 in Fighting
  4778 | D:5      | Found a runed translucent gate.
  4778 | D:5      | Found a runed translucent gate.
  4778 | D:5      | Found a runed translucent gate.
  4780 | D:5      | Noticed Splishie's ghost (novice GnSh)
  4935 | D:5      | Found a white marble altar of Elyvilon.
  4937 | D:5      | Noticed Dowan
  4938 | D:5      | Noticed Duvessa
  5001 | D:5      | Killed Duvessa
  5006 | D:5      | Killed Dowan
  5126 | D:5      | Found Cec Ypsi's Assorted Antiques.
  5135 | D:5      | Bought a scroll labelled ETSOQA BAEFUR for 32 gold pieces
  5140 | D:5      | Found a glowing silver altar of Zin.
  5143 | D:5      | Found a glowing golden altar of the Shining One.
  5143 | D:5      | Found an opulent altar of Gozag.
  5154 | D:5      | Noticed Pikel
  5173 | D:5      | Killed Pikel
  5173 | D:5      | Reached **** piety under Okawaru
  5174 | D:5      | Reached skill level 8 in Fighting
  5174 | D:5      | Reached XP level 9. HP: 58/81 MP: 10/10
  5495 | D:3      | Bought 2 potions of heal wounds for 140 gold pieces
  5737 | D:5      | Found Joed's CLEARANCE SALE!.
  5915 | D:6      | Found a runed translucent door.
  5917 | D:6      | Noticed HC7's ghost (amateur TrWr)
  5994 | D:6      | Reached skill level 5 in Dodging
  6111 | D:6      | Found a runed translucent door.
  6208 | D:6      | Reached ***** piety under Okawaru
  6236 | D:6      | Reached skill level 1 in Shapeshifting
  6646 | D:6      | Found Ikkemn's Tremendous Tomes.
  6863 | D:7      | Reached skill level 9 in Fighting
  6988 | D:7      | Found a runed translucent door.
  6989 | D:7      | Identified the +1 hammer "Fiann" {protect, rC- Int+3 Dex+2
                  | SInv}
  6989 | D:7      | Noticed Crazy Yiuf
  6997 | D:7      | Killed Crazy Yiuf
  7399 | D:7      | Identified the +5 scale mail "Xitym" {Fly Str+4 Dex+2}
  7422 | D:7      | Received a gift from Okawaru
  7519 | D:7      | Found a runed translucent gate.
  7519 | D:7      | Found a runed translucent gate.
  7519 | D:7      | Found a runed translucent gate.
  7521 | D:7      | Found an opulent altar of Gozag.
  7524 | D:7      | Noticed a two-headed ogre
  7524 | D:7      | Noticed BeKind's ghost (novice MiBe)
  7528 | D:7      | Found a staircase to the Ecumenical Temple.
  7973 | D:7      | Found Isumn's Jewellery Shoppe.
  8078 | D:7      | Noticed Menkaure
  8086 | D:7      | Killed Menkaure
  8311 | D:8      | Paralysed by a hornet for 2 turns
  8315 | D:8      | Reached XP level 10. HP: 69/91 MP: 13/13
  8451 | D:8      | Found Loecoresm's Jewellery Shop.
  9415 | D:6      | Found a burning altar of Makhleb.
  9415 | D:6      | Found a broken altar of Ashenzari.
  9537 | D:9      | Reached skill level 5 in Shapeshifting
  9551 | D:9      | Reached skill level 5 in Invocations
  9637 | D:9      | Received a gift from Okawaru
  9704 | D:9      | Reached skill level 10 in Fighting
 10031 | D:9      | Noticed a tengu warrior
 10052 | D:9      | Killed a tengu warrior
 10113 | D:9      | Received a gift from Okawaru
 10415 | D:10     | Entered Level 10 of the Dungeon
 10586 | D:10     | Reached XP level 11. HP: 100/101 MP: 15/15
 10719 | D:10     | Found a staircase to the Orcish Mines.
 10779 | D:10     | Noticed a two-headed ogre
 10797 | D:10     | Killed a two-headed ogre
 11216 | D:10     | Paralysed by a gnoll for 1 turns
 11219 | D:10     | Reached skill level 11 in Fighting
 11270 | D:10     | Found a shimmering altar of Xom.
 11578 | D:11     | Noticed a two-headed ogre
 11594 | D:11     | Killed a two-headed ogre
 11594 | D:11     | Received a gift from Okawaru
 11628 | D:11     | Noticed a seven-headed hydra
 11642 | D:11     | Killed a seven-headed hydra
 11714 | D:11     | Found a portal to a secret trove of treasure.
 11760 | D:11     | Found a staircase to the Lair.
 12156 | D:11     | Found a shimmering blue altar of Sif Muna.
 12231 | Lair:1   | Entered Level 1 of the Lair of Beasts
 12529 | Lair:1   | Reached skill level 12 in Fighting
 12529 | Lair:1   | Reached skill level 10 in Shapeshifting
 12603 | Lair:1   | Reached skill level 1 in Short Blades
 13214 | Lair:1   | Received a gift from Okawaru
 13246 | Lair:1   | Reached XP level 12. HP: 101/112 MP: 17/17
 13581 | Lair:2   | Found a staircase to the Shoals.
 13664 | Lair:2   | Reached skill level 5 in Short Blades
 13997 | Lair:2   | Noticed a seven-headed hydra
 14008 | Lair:2   | Killed a seven-headed hydra
 14118 | Lair:2   | Received a gift from Okawaru
 14387 | Lair:2   | Found a staircase to the Snake Pit.
 15105 | Lair:3   | Received a gift from Okawaru
 15955 | Lair:3   | Received a gift from Okawaru
 15956 | Lair:3   | Reached XP level 13. HP: 119/119 MP: 19/19
 16615 | Lair:4   | Found a staircase to the Slime Pits.
 16795 | Lair:4   | Identified the +7 great sword "Ultimatum" {flame, Int+7}
 16823 | Lair:4   | Noticed Josephine
 16831 | Lair:4   | Killed Josephine
 16892 | Lair:4   | Noticed Rupert
 16914 | Lair:4   | Killed Rupert
 16915 | Lair:4   | Reached skill level 13 in Fighting
 16915 | Lair:4   | Reached skill level 1 in Shields
 17545 | Lair:5   | Entered Level 5 of the Lair of Beasts
 17545 | Lair:5   | Noticed Urug
 17616 | Lair:5   | Killed Urug
 17877 | Lair:5   | Received a gift from Okawaru
 18344 | Lair:5   | Reached skill level 10 in Invocations
 18384 | Lair:5   | Received a gift from Okawaru
 18448 | Lair:5   | Reached ****** piety under Okawaru
 18449 | Lair:5   | Acquired a +0 demon blade of electrocution
 18449 | Lair:5   | Received a gift from Okawaru
 18451 | Lair:5   | Acquired the +1 pair of gloves of the Kangaroo {rElec rC+++
                  | Will- Regen+}
 18451 | Lair:5   | Received a gift from Okawaru
 18510 | Lair:5   | Identified the +5 great mace of Bodily Humours {heavy,
                  | Str+2}
 18582 | Lair:5   | Noticed Sonja
 18621 | Lair:5   | Reached skill level 14 in Fighting
 18720 | Lair:5   | Killed Sonja
 18720 | Lair:5   | Received a gift from Okawaru
 19055 | D:7      | Bought a ring of willpower for 350 gold pieces
 19147 | D:5      | Killed Splishie's ghost
 19152 | D:5      | Reached XP level 14. HP: 112/132 MP: 22/22
 19201 | D:6      | Killed HC7's ghost
 19522 | Orc:1    | Entered Level 1 of the Orcish Mines
 19678 | Orc:1    | Found Zeamn's Antique Armour Shoppe.
 19784 | Orc:1    | Found Fureap's Antique Armour Shop.
 19804 | Orc:1    | Found Besofex's Distillery.
 20003 | Orc:2    | Entered Level 2 of the Orcish Mines
 20074 | Orc:2    | Found a staircase to the Elven Halls.
 20209 | Orc:2    | Noticed an orc warlord
 20269 | Orc:2    | Killed an orc warlord
 20314 | Orc:2    | Found a frozen archway.
 20432 | IceCv    | Entered an ice cave
 20497 | IceCv    | Found a transporter.
 20509 | IceCv    | Found a transporter.
 20574 | IceCv    | Received a gift from Okawaru
 20816 | Orc:1    | Found Cagian's Antique Weapon Shoppe.
 21508 | Orc:2    | Found Ennan's Distillery.
 21511 | Orc:2    | Found Zusoack's Magic Scroll Boutique.
 21825 | Orc:2    | Received a gift from Okawaru
 21987 | Orc:2    | Reached skill level 15 in Fighting
 22144 | Orc:2    | Received a gift from Okawaru
 22145 | Orc:2    | Found Cyfrex's Book Emporium.
 22145 | Orc:2    | Found a one-way gate leading to the halls of Pandemonium.
 22145 | Orc:2    | Found Xerrua's Antique Armour Shoppe.
 22152 | Orc:2    | Bought a kite shield for 108 gold pieces
 22240 | Orc:2    | Bought a scroll of blinking for 127 gold pieces
 22440 | D:12     | Reached skill level 5 in Shields
 22896 | D:12     | Received a gift from Okawaru
 23001 | D:12     | Reached XP level 15. HP: 141/141 MP: 24/24
 23117 | D:12     | Noticed Azrael
 23128 | D:12     | Killed Azrael
 23530 | D:13     | Reached skill level 10 in Shields
 23555 | D:13     | Found a runed translucent door.
 23562 | D:13     | Noticed Afosuck's ghost (journeyman HOFi)
 23567 | D:13     | Identified the +10 trident "Yrchixukyf" {freeze, rC+ Dex+5
                  | SInv}
 24235 | D:14     | Noticed Nessos
 24235 | D:14     | Noticed Lodul
 24235 | D:14     | Found a gate to the Vaults.
 24238 | D:14     | Nessos changed into Nessos the lindwurm
 24238 | D:14     | Noticed Nessos
 24254 | D:13     | Received a gift from Okawaru
 24325 | D:14     | Noticed Snorg
 24337 | D:14     | Killed Snorg
 24413 | D:14     | Found a sparkling altar of Nemelex Xobeh.
 24661 | D:14     | Killed Nessos the lindwurm
 24673 | D:14     | Killed Lodul
 24677 | D:14     | Received a gift from Okawaru
 25291 | D:15     | Entered Level 15 of the Dungeon
 25341 | D:15     | Reached skill level 15 in Shields
 25537 | D:15     | Noticed Agnes
 25547 | D:15     | Killed Agnes
 25897 | D:15     | Received a gift from Okawaru
 26339 | D:15     | Reached XP level 16. HP: 149/149 MP: 25/25
 26387 | D:15     | Found a staircase to the Depths.
 26648 | D:13     | Killed Afosuck's ghost
 26915 | Snake:1  | Entered Level 1 of the Snake Pit
 26915 | Snake:1  | Noticed Jorgrun
 26956 | Snake:1  | Killed Jorgrun
 26956 | Snake:1  | Received a gift from Okawaru
 27582 | Snake:1  | HP: 6/149 [naga/+0 battleaxe (33)]
 28804 | Snake:1  | Received a gift from Okawaru
 30055 | Snake:2  | Received a gift from Okawaru
 31610 | Snake:3  | Noticed Nikola
 31647 | Snake:3  | Killed Nikola
 31647 | Snake:3  | Received a gift from Okawaru
 31948 | Snake:3  | Reached skill level 10 in Dodging
 31957 | Snake:3  | Reached XP level 17. HP: 145/158 MP: 26/26
 32206 | Snake:3  | Identified the serpent talisman of the Sea {Str+3 Slay+2}
 32206 | Snake:3  | Noticed Aizul
 32233 | Snake:3  | Killed Aizul
 32615 | Snake:3  | Reached skill level 16 in Fighting
 32816 | Snake:3  | Found Nuyt's Book Shop.
 32817 | Snake:3  | Found Taev's Jewellery Emporium.
 32817 | Snake:3  | Found Niex's Jewellery Emporium.
 33184 | Snake:3  | Received a gift from Okawaru
 33366 | Snake:4  | Entered Level 4 of the Snake Pit
 33816 | Snake:4  | Found Xinuvvups's Magic Scroll Shoppe.
 33816 | Snake:4  | Found Gywyog's Antique Armour Emporium.
 34097 | Snake:4  | Found Ocveriq's Book Shoppe.
 34099 | Snake:4  | Found Zuazu's Antique Weapon Emporium.
 34201 | Snake:4  | Received a gift from Okawaru
 34975 | Snake:4  | Received a gift from Okawaru
 34988 | Snake:4  | Noticed Bai Suzhen
 35181 | Snake:4  | Killed Bai Suzhen
 35567 | Snake:4  | Reached skill level 17 in Fighting
 35658 | Snake:4  | Reached XP level 18. HP: 169/169 MP: 27/27
 35841 | Snake:4  | Got a serpentine rune of Zot
 36139 | Shoals:1 | Entered Level 1 of the Shoals
 36357 | Shoals:1 | Received a gift from Okawaru
 36562 | Shoals:1 | Found Detoasang's Assorted Antiques.
 36678 | Shoals:1 | Identified the +3 spear "Murmur" {freeze, *Rage rElec rPois
                  | rF-}
 37566 | Shoals:2 | Noticed Roxanne
 37608 | Shoals:2 | Found Pylast's Assorted Antiques.
 37863 | Shoals:2 | Killed Roxanne
 38051 | Shoals:2 | Received a gift from Okawaru
 38142 | Shoals:2 | Identified the maw talisman "Asupey" {rN+ Will+ Dex+2}
 38334 | Shoals:3 | Found Deyt's Book Shop.
 38485 | Shoals:3 | Got Ereshkigal's Precepts of Horrible Confrontation
 39338 | Shoals:3 | Received a gift from Okawaru
 39499 | Shoals:3 | Reached skill level 18 in Fighting
 39584 | Shoals:2 | Bought a scroll of blinking for 202 gold pieces
 39627 | Shoals:4 | Entered Level 4 of the Shoals
 40507 | Shoals:4 | Reached XP level 19. HP: 179/179 MP: 28/28
 40901 | Shoals:4 | Found Kacoufy's Weapon Shoppe.
 41010 | Shoals:4 | Received a gift from Okawaru
 41059 | Shoals:4 | Identified the +0 hand axe of the Valley of Death {heavy,
                  | Str+5 Stlth+}
 41212 | Shoals:4 | Reached skill level 10 in Short Blades
 41491 | Shoals:4 | Got a barnacled rune of Zot
 41760 | Orc:1    | Bought an embroidered cloak for 210 gold pieces
 41819 | Elf:1    | Entered Level 1 of the Elven Halls
 41936 | Elf:1    | Received a gift from Okawaru
 42009 | Elf:1    | Found a transporter.
 42011 | Elf:1    | Found a transporter.
 42011 | Elf:1    | Noticed sdfx's ghost (adept MDRe)
 42441 | Elf:1    | Received a gift from Okawaru
 42493 | Elf:1    | Found the +3 hat of Pondering {ponderous, Will+ MP+10
                  | Int+5}
 42892 | Elf:2    | Identified the +4 hand axe of the Dove {drain, rF+ rC+ MP+9
                  | Str+2}
 43015 | Elf:2    | Found Loluugos's Book Emporium.
 43023 | Elf:2    | Found a runed translucent gate.
 43041 | Elf:2    | Found a runed translucent gate.
 43042 | Elf:2    | Found a runed translucent gate.
 43091 | Elf:2    | Paralysed by an air elemental for 1 turns
 43508 | Elf:2    | Received a gift from Okawaru
 44142 | Elf:2    | Noticed Saint Roka
 44179 | Elf:2    | Killed Saint Roka
 44456 | Elf:2    | Reached XP level 20. HP: 189/189 MP: 29/29
 44654 | Elf:3    | Entered Level 3 of the Elven Halls
 44654 | Elf:3    | Found a transporter.
 44661 | Elf:2    | Received a gift from Okawaru
 44698 | Elf:3    | Found a bloodstained altar of Trog.
 44711 | Elf:3    | Found a transporter.
 44711 | Elf:3    | Noticed Ynwoy's ghost (journeyman FeSu)
 44972 | Elf:3    | Paralysed by an air elemental for 1 turns
 45360 | Elf:3    | Received a gift from Okawaru
 45388 | Elf:3    | Identified the +7 lajatang of Intuition {drain, *Slow Fly
                  | rPois Str+2}
 45398 | Elf:3    | Reached skill level 15 in Shapeshifting
 45804 | Elf:3    | Reached skill level 19 in Fighting
 45864 | Elf:3    | Identified the +1 long sword "Xeskawn" {antimagic, rPois
                  | rN+}
 45872 | Elf:3    | Identified the +5 scimitar "Ximio" {venom, rPois rF+}
 45872 | Elf:3    | Identified the ring "Wigoeme" {rN+ rCorr Dex+6}
 45900 | Elf:3    | Got the Omnibus of Fulgurant Doom
 45904 | Elf:3    | Identified the +0 hat of Youthful Indiscretion {rPois SInv}
 45912 | Elf:3    | Identified the +1 helmet "Wezatuyq" {MP+9}
 45916 | Elf:3    | Got Sif Muna's Atlas of Jinxing
 45941 | Elf:3    | Identified the amulet of Balance {Rampage rPois Regen+
                  | Dex+2 SInv}
 46201 | Elf:3    | Learned a level 2 spell: Lesser Beckoning
 46204 | Elf:3    | Learned a level 2 spell: Blink
 46434 | Shoals:1 | Bought a scroll of enchant weapon for 225 gold pieces
 46969 | Vaults:1 | Entered Level 1 of the Vaults
 46976 | Vaults:1 | Learned a level 3 spell: Fugue of the Fallen
 47004 | Vaults:1 | Reached skill level 1 in Translocations
 47046 | Vaults:1 | Reached skill level 1 in Spellcasting
 47054 | Vaults:1 | Received a gift from Okawaru
 47088 | Vaults:1 | Found a crumbling gateway.
 47100 | Desolati | Entered the Desolation of Salt
 47531 | Desolati | Reached skill level 5 in Translocations
 47601 | Desolati | Reached skill level 1 in Necromancy
 47614 | Desolati | Got Erphupp's Handbook of the Crushed Moons
 47682 | Desolati | Identified the +6 great sword "Newtbane" {spect, rN+ Will+
                  | Str-5}
 47684 | Desolati | Identified the +7 arbalest "Len Urixo" {drain, rElec rPois}
 47752 | Desolati | Identified the +3 leather armour "Ripodgh" {Dex+6}
 47755 | Desolati | Received a gift from Okawaru
 47840 | Desolati | Identified the +0 pair of gloves of Ofymn {Str+3 Int+4
                  | Dex+3}
 47859 | Desolati | Reached skill level 5 in Necromancy
 47863 | Desolati | Identified the +0 robe "Wiqaud" {rN+++}
 47865 | Desolati | Got the Dissertation on Gaseous Evil Secrets
 48165 | Vaults:1 | Reached XP level 21. HP: 191/198 MP: 30/30
 48197 | Vaults:1 | Received a gift from Okawaru
 48427 | Vaults:1 | Found a white marble altar of Elyvilon.
 48759 | Vaults:1 | Received a gift from Okawaru
 48985 | Vaults:1 | You fall into a shaft and drop 1 floor!
 49218 | Vaults:2 | Received a gift from Okawaru
 50220 | Vaults:3 | Identified the +3 robe of Ukovegal {+Inv}
 50220 | Vaults:3 | Noticed Boris
 50236 | Vaults:3 | Killed Boris
 50349 | Vaults:3 | Reached skill level 20 in Fighting
 50531 | Vaults:3 | Received a gift from Okawaru
 50681 | Vaults:3 | Found a staircase to the Crypt.
 50857 | Vaults:3 | Reached skill level 15 in Dodging
 50883 | Vaults:3 | Noticed Mennas
 50898 | Vaults:3 | Killed Mennas
 51011 | Vaults:3 | Found Emmokagi's Weapon Shop.
 51089 | Vaults:3 | Reached XP level 22. HP: 210/210 MP: 31/31
 51270 | Vaults:4 | Received a gift from Okawaru
 51329 | Vaults:4 | Found a flickering gateway to a bazaar.
 51345 | Bazaar   | Entered a bazaar
 51345 | Bazaar   | Found Cehaw's Weapon Boutique.
 51345 | Bazaar   | Found Irrokasch's Magic Scroll Shoppe.
 51350 | Bazaar   | Found Oklowin's Jewellery Boutique.
 51355 | Bazaar   | Found Pucwaba's Antique Weapon Boutique.
 51383 | Bazaar   | Found Nemu's Armour Shoppe.
 51402 | Bazaar   | Bought a +2 cloak of preservation for 279 gold pieces
 51419 | Bazaar   | Bought a scroll of brand weapon for 114 gold pieces
 51419 | Bazaar   | Bought a scroll of enchant armour for 90 gold pieces
 52675 | Depths:1 | Entered Level 1 of the Depths
 52697 | Depths:1 | Found Voiso's Vocational Training.
 52710 | Depths:1 | Received a gift from Okawaru
 52855 | Depths:1 | Found a gateway to Hell.
 53039 | Depths:1 | Noticed Norris
 53070 | Depths:1 | Killed Norris
 53071 | Depths:1 | Reached skill level 21 in Fighting
 53298 | Depths:1 | Found a one-way gateway to a ziggurat.
 53537 | Depths:1 | Learned a level 4 spell: Vhi's Electric Charge
 53571 | Depths:2 | Reached skill level 1 in Air Magic
 53612 | Depths:2 | Received a gift from Okawaru
 53662 | Depths:2 | Reached skill level 5 in Air Magic
 53810 | Depths:2 | Found the dreamshard necklace {Acrobat *Dream}
 54227 | Depths:2 | Gained mutation: You are frail. (-10% HP) [a cacodemon]
 54234 | Depths:2 | Lost mutation: You are frail. (-10% HP) [potion of
                  | mutation]
 54234 | Depths:2 | Gained mutation: A frigid envelope surrounds you and
                  | freezes all who hurt you. [potion of mutation]
 54325 | Depths:3 | Found a shimmering blue altar of Sif Muna.
 54368 | Depths:3 | Learned a level 3 spell: Teleport Other
 54410 | Depths:3 | Received a gift from Okawaru
 54596 | Depths:3 | Reached XP level 23. HP: 220/220 MP: 32/32
 54710 | Depths:3 | Found a one-way gate to the infinite horrors of the Abyss.
 55067 | Depths:3 | Received a gift from Okawaru
 55452 | Depths:4 | Entered Level 4 of the Depths
 55610 | Depths:4 | Noticed Jory
 55618 | Depths:4 | Noticed a caustic shrike
 55618 | Depths:4 | Noticed a caustic shrike
 55618 | Depths:4 | Noticed a caustic shrike
 55618 | Depths:4 | Noticed a caustic shrike
 55619 | Depths:4 | Noticed a caustic shrike
 55626 | Depths:4 | Killed a caustic shrike
 55628 | Depths:4 | Killed a caustic shrike
 55629 | Depths:4 | Reached skill level 10 in Translocations
 55632 | Depths:4 | Killed a caustic shrike
 55635 | Depths:4 | Killed a caustic shrike
 55639 | Depths:4 | Killed a caustic shrike
 55659 | Depths:4 | Killed Jory
 55679 | Depths:4 | Received a gift from Okawaru
 55857 | Depths:4 | Found a gate to the Realm of Zot.
 56785 | Vaults:5 | Entered Level 5 of the Vaults
 56884 | Vaults:5 | Received a gift from Okawaru
 56979 | Vaults:5 | Received a gift from Okawaru
 56987 | Vaults:5 | Noticed an ancient lich
 57003 | Vaults:5 | Identified the +2 robe of Shadows and Fog {rF+ Will+ Dex+3}
 57003 | Vaults:5 | Noticed Boris
 57012 | Vaults:5 | Killed an ancient lich
 57018 | Vaults:5 | Killed Boris
 57093 | Vaults:5 | Reached XP level 24. HP: 231/231 MP: 32/32
 57135 | Vaults:5 | Reached skill level 22 in Fighting
 57222 | Vaults:5 | Received a gift from Okawaru
 57296 | Vaults:5 | Identified the +4 buckler "Sumouv" {rC++ MP+9 Int-2 Stlth+}
 57795 | Vaults:5 | Found Rudodusiog's Antique Weapon Shoppe.
 57942 | Vaults:5 | Got a silver rune of Zot
 58207 | Vaults:5 | Learned a level 4 spell: Passage of Golubria
 58259 | Vaults:5 | Identified the ring of Xenges {Wiz rC+ Int+3 Slay+3}
 58418 | Crypt:1  | Entered Level 1 of the Crypt
 58642 | Crypt:1  | Noticed a royal mummy
 58644 | Crypt:1  | Noticed a royal mummy
 58646 | Crypt:1  | Noticed Khufu
 58650 | Crypt:1  | Killed a royal mummy
 58660 | Crypt:1  | Killed Khufu
 58660 | Crypt:1  | Received a gift from Okawaru
 58664 | Crypt:1  | Noticed Sojobo
 58665 | Arena    | Entered the Arena
 58668 | Arena    | Killed a royal mummy
 58695 | Crypt:1  | Killed Sojobo
 59599 | Crypt:1  | Found an ancient bone altar of Kikubaaqudgha.
 60298 | Crypt:3  | Entered Level 3 of the Crypt
 60609 | Crypt:3  | Received a gift from Okawaru
 60725 | Crypt:3  | Found a basalt altar of Yredelemnul.
 61004 | Crypt:3  | Received a gift from Okawaru
 61281 | Crypt:3  | Found a staircase to the Tomb.
 61297 | Crypt:3  | Identified the staff "Lealar" {rN+ Stlth- Conj Necro
                  | Alchemy}
 61391 | Crypt:3  | Identified the +7 spear "Liaduta" {venom, rN+ Str+3 Dex+3}
 61473 | Crypt:3  | Identified the +4 chain mail "Vaettan" {*Slow +Inv Int+4
                  | Dex+3}
 61861 | Zot:1    | Entered Level 1 of the Realm of Zot
 61901 | Depths:4 | Reached skill level 23 in Fighting
 61925 | Zot:1    | Reached XP level 25. HP: 243/243 MP: 32/32
 62152 | Orc:1    | Bought a potion of experience for 850 gold pieces
 62152 | Orc:1    | Reached XP level 26. HP: 250/250 MP: 32/32
 62358 | Zig:1    | Entered Level 1 of a ziggurat
 62369 | Zig:2    | Entered Level 2 of a ziggurat
 62395 | Zig:3    | Entered Level 3 of a ziggurat
 62439 | Zig:4    | Entered Level 4 of a ziggurat
 62450 | Zig:4    | Identified the +9 orcbow "Tontefaw" {heavy, rElec rN+ MP+9}
 62477 | Zig:5    | Entered Level 5 of a ziggurat
 62500 | Zig:5    | Reached skill level 1 in Throwing
 62515 | Zig:5    | Identified the +3 sling of Lust {drain, Will+ Dex+3}
 62520 | Zig:5    | Identified the +6 dagger "Kiemunt" {flame, rF++ rC- Str+2
                  | SInv}
 62527 | Zig:6    | Entered Level 6 of a ziggurat
 62567 | Zig:7    | Entered Level 7 of a ziggurat
 62692 | Zig:7    | Identified the ring "Laadoxyuv" {Ice Dex+3}
 62697 | Zig:7    | Identified the ring "Yraivunk" {rPois Dex+6}
 62702 | Zig:8    | Entered Level 8 of a ziggurat
 62735 | Zig:8    | Received a gift from Okawaru
 62750 | Zig:8    | Reached skill level 5 in Throwing
 62798 | Zig:8    | Reached XP level 27. HP: 259/259 MP: 32/32
 62803 | Zig:8    | Identified the staff "Siphetro" {rC+ Str+2 Stlth+ Tloc Ice
                  | Alchemy}
 63099 | D:3      | Bought a potion of resistance for 140 gold pieces
 63099 | D:3      | Bought a potion of enlightenment for 70 gold pieces
 63099 | D:3      | Bought a potion of enlightenment for 70 gold pieces
 63099 | D:3      | Bought a potion of enlightenment for 70 gold pieces
 63099 | D:3      | Bought a potion of cancellation for 112 gold pieces
 63260 | Orc:1    | Bought a potion of heal wounds for 85 gold pieces
 63260 | Orc:1    | Bought a potion of berserk rage for 85 gold pieces
 63260 | Orc:1    | Bought 2 potions of curing for 102 gold pieces
 63260 | Orc:1    | Bought a potion of curing for 51 gold pieces
 63335 | Orc:2    | Bought a potion of might for 60 gold pieces
 63335 | Orc:2    | Bought a potion of enlightenment for 75 gold pieces
 63335 | Orc:2    | Bought a potion of haste for 150 gold pieces
 63487 | Shoals:1 | Bought a potion of haste for 300 gold pieces
 64421 | Zot:2    | Found a transporter.
 64440 | Zot:2    | Found a transporter.
 64459 | Zot:2    | Found a transporter.
 64461 | Zot:2    | Found a transporter.
 64779 | Zot:2    | Received a gift from Okawaru
 65247 | Zot:3    | Reached skill level 24 in Fighting
 65505 | Zot:4    | Received a gift from Okawaru
 66467 | Zot:4    | Received a gift from Okawaru
 66625 | Zot:5    | Entered Level 5 of the Realm of Zot
 67302 | Zot:5    | Noticed an ancient lich
 67317 | Zot:5    | Killed an ancient lich
 67322 | Zot:5    | Noticed an ancient lich
 67337 | Zot:5    | Killed an ancient lich
 68142 | Zot:5    | Received a gift from Okawaru
 68147 | Zot:5    | Noticed a dread lich
 68155 | Zot:5    | Killed a dread lich
 68156 | Zot:5    | Reached skill level 25 in Fighting
 68274 | Zot:5    | Noticed an orb of fire
 68288 | Zot:5    | Noticed an orb of fire
 68290 | Zot:5    | Gained mutation: You are clumsy. (Dex -2) [an orb of fire]
 68296 | Zot:5    | Killed an orb of fire
 68303 | Zot:5    | Killed an orb of fire
 68322 | Zot:5    | Noticed an orb of fire
 68330 | Zot:5    | Killed an orb of fire
 68403 | Zot:5    | Received a gift from Okawaru
 68925 | Zot:5    | Received a gift from Okawaru
 69112 | Zot:5    | Noticed an orb of fire
 69120 | Zot:5    | Killed an orb of fire
 69184 | Zot:5    | Noticed an orb of fire
 69190 | Zot:5    | Gained mutation: You are very clumsy. (Dex -4) [an orb of
                  | fire]
 69195 | Zot:5    | Killed an orb of fire
 69310 | Zot:5    | Noticed a dread lich
 69321 | Zot:5    | Killed a dread lich
 69322 | Zot:5    | Reached skill level 26 in Fighting
 69335 | Zot:5    | Noticed a dread lich
 69345 | Zot:5    | Killed a dread lich
 69490 | Zot:5    | Got the Orb of Zot
 70032 | D:$      | Escaped with the Orb!

Illustrated notes

Levels and vault maps discovered:
D:1:      spicycebolla_arrival_risky_transporter, layout_loops_ring,
          dreamdust_ecumenical_altar_drowned_temple
D:2:      layout_basic
D:3:      layout_basic, nicolae_yredelemnul_ghost_church, portal_sewer_entry_f,
          serial_shops, nicolae_shop_getting_attention, nicolae_shop_rolled_up,
          shop, shop, minmay_increasing_density
D:4:      layout_gridville, lightli_ossuary_entry_decrepit_ruins,
          nicolae_zig_zag_zippers
D:5:      layout_loops_ring, nicolae_elyvilon_peaceful_grove,
          chequers_temple_overflow_statue_of_worship, serial_shops, shop,
          gammafunk_ghost_necromancy, minmay_misc_feat_encased,
          nicolae_shop_clearance, uniq_pikel, uniq_duvessa, uniq_prince_ribbit1
D:6:      layout_basic, nicolae_overflow_hidden_temple, ebering_ghost_sewer_f,
          nicolae_shop_i_like_big_books, serial_bayou_lake_a
D:7:      layout_layer_cave, minmay_temple_entry_arrows, serial_shops, shop,
          ebering_ghost_gozag, uniq_crazy_yiuf_cottage, uniq_menkaure
D:8:      layout_basic, serial_shops, shop
D:9:      layout_cave_pools, kennysheep_generic_room_15
D:10:     layout_rooms, tgw_xom, hiddenorc2_lemuel
D:11:     layout_roguey, david_lair_generic, enter_trove_1,
          nicolae_sif_muna_condensation
D:12:     minmay_the_grid_plus_closed [minmay_the_grid_stretched_grid,
          minmay_the_grid_minigrid_small, minmay_the_grid_rooms,
          minmay_the_grid_doors, minmay_the_grid_prize_big_room],
          layout_loops_ring, minmay_quadrilaterals, uniq_azrael
D:13:     layout_irregular_city, serial_undead, serial_undead_a,
          serial_undead_e, serial_undead_c, serial_undead_e,
          ebering_ghost_funeral_grove
D:14:     layout_small_grid, david_vaults_3, grunt_decor_clamped,
          nemelex_lonely_heart_becter, uniq_snorg
D:15:     gammafunk_enter_depths_forms, layout_irregular_city,
          minmay_misc_feat_pillars, uniq_agnes
Lair:1:   layout_small_grid, grunt_megastairs_5, infiniplex_staircase_pool
Lair:2:   layout_cave_pods, minmay_shoals_entry_beasts,
          minmay_snake_entry_guardpost_small, hibernation_bobbens
Lair:3:   layout_cave_pods, pdpol_lair_cavern_descent
Lair:4:   layout_small_grid, slime_entry_1, chequers_serial_rivers_small_a,
          chequers_serial_rivers_small_b, patterned_corridor, uniq_rupert,
          uniq_josephine
Lair:5:   grunt_lair_end_beastmaster, layout_big_grid,
          chequers_serial_rivers_micro_d, st_stairs_6, uniq_sonja, uniq_urug
Shoals:1: layout_shoals, serial_shops, shop
Shoals:2: layout_shoals, nicolae_take_the_stairs, uniq_roxanne
Shoals:3: cheibrodos_shoals_epimethial_gifts, layout_shoals, serial_shops,
          nicolae_shop_tiny_statue_garden
Shoals:4: shoals_end_hangedman, layout_shoals, serial_shops, shop,
          nicolae_shoals_bring_sunscreen
Snake:1:  layout_onion, nicolae_snake_gridmaze_tees, uniq_jorgrun
Snake:2:  layout_chambers, grunt_megastairs_2
Snake:3:  layout_gridlike, grunt_ministairs_4,
          nicolae_snake_snakes_in_the_grass, lemuel_fruit_tree,
          minmay_shop_grove, uniq_nikola, uniq_aizul
Snake:4:  snake_pit, layout_layer_cave, minmay_shoptagon, grunt_megastairs_4,
          uniq_bai_suzhen
Orc:1:    layout_diamond_mine, serial_shops, shop, shop, shop, shop
Orc:2:    pf_orc_diabolical, layout_caves, portal_ice_cave_rime
Elf:1:    eino_elf_arrival_customs, layout_loops_cross, gammafunk_ghost_arena,
          hangedman_elven_crosses_minicolossus
Elf:2:    elven_hall_of_blades_hangedman_original [mumra_blade_entry_bloodbath],
          layout_gridlike, serial_shops, shop, due_unseen_surprise,
          uniq_saint_roka
Elf:3:    grunt_elf_hall_asides, layout_gridlike,
          gammafunk_ghost_wrathful_warriors, drop_trap, grunt_megastairs_1
Vaults:1: portal_desolation_entry_garden, nicolae_vaults_network_quinsquares
          [nicolae_vaults_network_quincunx_subvault,
          nicolae_vaults_network_quincunx_subvault,
          nicolae_vaults_network_quincunx_subvault,
          nicolae_vaults_network_quincunx_subvault],
          serial_library_hellmonk_open_cross,
          nicolae_vaults_trapezoid_lopsided_3, nicolae_vaults_stepped_doors,
          nicolae_vaults_doubleplus_tesselated, ontoclasm_vaults_chip,
          vaults_mumra_hexcomb, st_star, nicolae_vaults_little_squares_4,
          lemuel_angel_altar, v_misc_32, ontoclasm_vaults_pinch,
          layout_vaults_omnibox
Vaults:2: nicolae_vaults_triangles, nicolae_vaults_angled_halls,
          ontoclasm_vaults_misaligned, v_misc_31,
          nicolae_vaults_trapezoid_lopsided_1, nicolae_vaults_sealed_display,
          nicolae_vaults_six-pack, layout_vaults_chaotic_city
Vaults:3: nicolae_vaults_shipping_containers_3, v_misc_14,
          minmay_crypt_entry_simple_round, ontoclasm_vaults_idyll,
          nicolae_vaults_ellipses_ellipsis, vaults_room_mumra_shop_pool,
          nicolae_vaults_tetromino_T_1, lightli_orcish_oven,
          nicolae_vaults_windows_and_doors_thing, ontoclasm_vaults_fault,
          vaults_dpeg_ring, nicolae_vaults_little_squares_5, layout_vaults_ring,
          uniq_mennas, uniq_boris
Vaults:4: nicolae_vaults_offset_grid_hallway_2, v_misc_26,
          nicolae_vaults_arrows, ontoclasm_vaults_spin, vaults_mumra_lcd,
          vaults_dpeg_diagonal, nicolae_vaults_ring_of_whatevers,
          nicolae_vaults_two_Ls, ontoclasm_vaults_ring_large,
          ontoclasm_vaults_twist, layout_vaults_omnicross, serial_shops,
          bzr_entry_gold
Vaults:5
Crypt:1:  layout_misc_corridors, roderic_lattice_octagonal_star,
          lemuel_upstairs_altar, uniq_josephina, uniq_khufu, uniq_sojobo
Crypt:2:  layout_misc_corridors, minivault_25
Crypt:3:  grunt_crypt_end_deaths_head
Depths:1: layout_long_grid, enter_ziggurat_e, grunt_mini_vestibule,
          ebering_dispersal_statue_hall, nicolae_sextant,
          minmay_gold_behind_fungi, minmay_variable_closet, minmay_hedge_maze,
          nicolae_shop_vocational, uniq_norris
Depths:2: minmay_ambush_box, layout_cave_pools, nicolae_tricolors,
          rand_demon_pan_entry_4, pf_coc_iceberg
Depths:3: minmay_polygon_palace, layout_gridlike, grunt_hell_entry_dis_old,
          lemuel_crystal_altar, abyss_entry_small_statue_room
Depths:4: grunt_zot_entry_alcove, layout_long_grid, hell_entry, serial_sigils,
          serial_sigils_hangedman_etch, serial_sigils_hangedman_stare,
          serial_sigils_hangedman_snap, serial_sigils_hangedman_gnaw,
          serial_sigils_hangedman_leer, serial_sigils_hangedman_quiver,
          uniq_parghit, uniq_jory
Zot:1:    layout_misc_corridors
Zot:2:    layout_basic, nicolae_transporter_circle
Zot:3:    layout_concentric_octagons
Zot:4:    layout_basic
Zot:5:    layout_basic

Skill      XL: |  1  2  3  4  5  6  7  8  9 10 11 12 13 14 15 16 17 18 19 20 21 22 23 24 25 26 27 |
---------------+----------------------------------------------------------------------------------+-----
Invocations    | 1 2 4 6 7 8 10 12 13 | 13.0
Long Blades    | 4 5 6 8 9 |  9.1
Fighting       | 4 5 6 8 9 10 12 14 15 17 18 19 20 21 23 26 | 26.1
Dodging        | 4 5 7 8 9 10 11 12 15 16 18 20 22 | 22.7
Shapeshifting  | 4 7 10 11 12 13 14 15 16 17 19 | 19.0
Short Blades   | 4 8 12 | 12.8
Shields        | 4 9 16 18 19 20 21 22 | 22.0
Translocations | 6 7 8 10 | 10.0
Spellcasting   | 3 4 |  4.0
Necromancy     | 6 7 8 |  8.0
Air Magic      | 7 9 |  9.0
Throwing       | 5 6 |  6.0

Action                     |  1- 3 |  4- 6 |  7- 9 | 10-12 | 13-15 | 16-18 | 19-21 | 22-24 | 25-27 || total
---------------------------+-------+-------+-------+-------+-------+-------+-------+-------+-------++-------
  Melee: Falchion          |    74 |   111 |   175 |       |       |       |       |       |       ||   360
         Tailslap          |    14 |    16 |    76 |   148 |   509 |   781 |   749 |   934 |   616 ||  3843
         Dagger            |    28 |       |       |       |       |       |       |       |       ||    28
         Long sword        |       |       |   135 |   448 |       |       |       |       |       ||   583
         Maw               |       |       |       |   158 |  1036 |  1518 |  1307 |  1488 |   904 ||  6411
         Short sword       |       |       |       |   198 |  1737 |  3067 |   628 |       |       ||  5630
         Rapier            |       |       |       |       |       |       |   351 |       |       ||   351
         Quick blade       |       |       |       |       |       |       |  1734 |  2734 |  1684 ||  6152
  Throw: Dart              |     2 |     1 |    10 |    11 |     3 |       |       |       |       ||    27
         Throwing net      |       |       |       |       |     2 |       |       |       |       ||     2
   Cast: Lesser Beckoning  |       |       |       |       |       |       |    12 |    24 |    29 ||    65
         Fugue of the Fall |       |       |       |       |       |       |     3 |    18 |    10 ||    31
         Vhi's Electric Ch |       |       |       |       |       |       |       |    67 |    76 ||   143
 Invoke: Heroism           |     1 |     4 |     6 |     7 |     4 |     5 |     3 |     2 |     1 ||    33
         Receive Weapon    |       |       |       |       |     1 |       |       |       |       ||     1
         Receive Armour    |       |       |       |       |     1 |       |       |       |       ||     1
         Finesse           |       |       |       |       |       |     2 |     1 |     2 |     2 ||     7
         Duel              |       |       |       |       |       |       |       |     1 |       ||     1
Ability: Steam Breath      |       |       |     1 |     2 |     2 |     1 |     1 |       |     3 ||    10
  Evoke: Wand              |       |       |       |       |     1 |     1 |       |       |       ||     2
    Use: Scroll            |     3 |     8 |    13 |     7 |     2 |     8 |     9 |     7 |    17 ||    74
         Potion            |       |       |       |     2 |     5 |     8 |     2 |    11 |    11 ||    39
   Stab: Sleeping          |       |       |     1 |       |       |     4 |    14 |    13 |     1 ||    33
         Held in net/web   |       |       |       |       |     3 |     1 |       |       |       ||     4
         Distracted        |       |       |       |       |       |     3 |     2 |     2 |       ||     7
 Armour: Skin              |    47 |    47 |   120 |   263 |   455 |   550 |   367 |   271 |   174 ||  2294
  Dodge: Dodged            |    57 |    67 |   192 |   397 |   640 |   720 |   648 |   655 |   430 ||  3806
  Block: Buckler           |       |       |       |       |       |   539 |       |       |       ||   539
         Reflection        |       |       |       |       |       |   140 |    52 |       |       ||   192
         Kite shield       |       |       |       |       |       |   690 |  1206 |   940 |   532 ||  3368
   Form: Maw               |       |       |       |     1 |       |     1 |       |       |       ||     2

Table legend: (Time is in decaauts)
 A = Elapsed time spent in this place.
 B = Non-inter-level travel time spent in this place.
 C = Inter-level travel time spent in this place.
 D = Time resting spent in this place.
 E = Time spent auto-exploring this place.
 F = Levels seen in this place.
 G = Mean time per level.
                   A        B        C        D        E       F      G
               +--------+--------+--------+--------+--------+-----+--------+
         Total |  66784 |  59261 |   7523 |  12253 |  29344 |  64 | 1043.5 |
       Dungeon |  17323 |  14558 |   2765 |   2277 |   8349 |  15 | 1154.9 |
          Lair |   7217 |   6094 |   1123 |   1503 |   3150 |   5 | 1443.4 |
        Shoals |   5019 |   4572 |    447 |   1094 |   1914 |   4 | 1254.8 |
     Snake Pit |   7848 |   7307 |    541 |   2478 |   2403 |   4 | 1962.0 |
  Orcish Mines |   2700 |   2186 |    514 |    458 |    862 |   2 | 1350.0 |
   Elven Halls |   4182 |   3737 |    445 |    789 |   1480 |   3 | 1394.0 |
        Vaults |   6621 |   5959 |    662 |    159 |   4146 |   5 | 1324.2 |
         Crypt |   3172 |   3022 |    150 |    717 |   1677 |   3 | 1057.3 |
        Depths |   4430 |   3826 |    604 |    405 |   2596 |   4 | 1107.5 |
           Zot |   5678 |   5410 |    268 |   1536 |   2337 |   5 | 1135.6 |
      Ziggurat |    412 |    412 |      0 |     51 |      0 |   8 |   51.5 |
        Bazaar |     96 |     96 |      0 |      0 |     28 |   1 |   96.0 |
         Sewer |    525 |    525 |      0 |    226 |     89 |   1 |  525.0 |
       Ossuary |    534 |    534 |      0 |    226 |     54 |   1 |  534.0 |
      Ice Cave |    137 |    137 |      0 |     54 |      0 |   1 |  137.0 |
    Desolation |    868 |    868 |      0 |    275 |    254 |   1 |  868.0 |
         Arena |     15 |     15 |      0 |      0 |      0 |   1 |   15.0 |
               +--------+--------+--------+--------+--------+-----+--------+

Top non-repeatable levels by time:
   Zot:5: 2842 daAuts
 Snake:2: 2375 daAuts
 Snake:4: 2042 daAuts
   Orc:2: 1937 daAuts
 Snake:3: 1896 daAuts
  Lair:3: 1775 daAuts
   Elf:2: 1744 daAuts
  Lair:2: 1713 daAuts
  Lair:1: 1667 daAuts
     D:7: 1649 daAuts
 Snake:1: 1534 daAuts
Shoals:4: 1497 daAuts
Vaults:5: 1482 daAuts
    D:15: 1458 daAuts
Shoals:3: 1448 daAuts

Action                     |  1- 3 |  4- 6 |  7- 9 | 10-12 | 13-15 | 16-18 | 19-21 | 22-24 | 25-27 || total
---------------------------+-------+-------+-------+-------+-------+-------+-------+-------+-------++-------
  Melee: Falchion          |    74 |   111 |   175 |       |       |       |       |       |       ||   360
         Tailslap          |    14 |    16 |    76 |   148 |   509 |   781 |   749 |   934 |   616 ||  3843
         Dagger            |    28 |       |       |       |       |       |       |       |       ||    28
         Long sword        |       |       |   135 |   448 |       |       |       |       |       ||   583
         Maw               |       |       |       |   158 |  1036 |  1518 |  1307 |  1488 |   904 ||  6411
         Short sword       |       |       |       |   198 |  1737 |  3067 |   628 |       |       ||  5630
         Rapier            |       |       |       |       |       |       |   351 |       |       ||   351
         Quick blade       |       |       |       |       |       |       |  1734 |  2734 |  1684 ||  6152
  Throw: Dart              |     2 |     1 |    10 |    11 |     3 |       |       |       |       ||    27
         Throwing net      |       |       |       |       |     2 |       |       |       |       ||     2
   Cast: Lesser Beckoning  |       |       |       |       |       |       |    12 |    24 |    29 ||    65
         Fugue of the Fall |       |       |       |       |       |       |     3 |    18 |    10 ||    31
         Vhi's Electric Ch |       |       |       |       |       |       |       |    67 |    76 ||   143
 Invoke: Heroism           |     1 |     4 |     6 |     7 |     4 |     5 |     3 |     2 |     1 ||    33
         Receive Weapon    |       |       |       |       |     1 |       |       |       |       ||     1
         Receive Armour    |       |       |       |       |     1 |       |       |       |       ||     1
         Finesse           |       |       |       |       |       |     2 |     1 |     2 |     2 ||     7
         Duel              |       |       |       |       |       |       |       |     1 |       ||     1
Ability: Steam Breath      |       |       |     1 |     2 |     2 |     1 |     1 |       |     3 ||    10
  Evoke: Wand              |       |       |       |       |     1 |     1 |       |       |       ||     2
    Use: Scroll            |     3 |     8 |    13 |     7 |     2 |     8 |     9 |     7 |    17 ||    74
         Potion            |       |       |       |     2 |     5 |     8 |     2 |    11 |    11 ||    39
   Stab: Sleeping          |       |       |     1 |       |       |     4 |    14 |    13 |     1 ||    33
         Held in net/web   |       |       |       |       |     3 |     1 |       |       |       ||     4
         Distracted        |       |       |       |       |       |     3 |     2 |     2 |       ||     7
 Armour: Skin              |    47 |    47 |   120 |   263 |   455 |   550 |   367 |   271 |   174 ||  2294
  Dodge: Dodged            |    57 |    67 |   192 |   397 |   640 |   720 |   648 |   655 |   430 ||  3806
  Block: Buckler           |       |       |       |       |       |   539 |       |       |       ||   539
         Reflection        |       |       |       |       |       |   140 |    52 |       |       ||   192
         Kite shield       |       |       |       |       |       |   690 |  1206 |   940 |   532 ||  3368
   Form: Maw               |       |       |       |     1 |       |     1 |       |       |       ||     2

Table legend: (Time is in decaauts)
 A = Elapsed time spent in this place.
 B = Non-inter-level travel time spent in this place.
 C = Inter-level travel time spent in this place.
 D = Time resting spent in this place.
 E = Time spent auto-exploring this place.
 F = Levels seen in this place.
 G = Mean time per level.
                   A        B        C        D        E       F      G
               +--------+--------+--------+--------+--------+-----+--------+
         Total |  66784 |  59261 |   7523 |  12253 |  29344 |  64 | 1043.5 |
       Dungeon |  17323 |  14558 |   2765 |   2277 |   8349 |  15 | 1154.9 |
          Lair |   7217 |   6094 |   1123 |   1503 |   3150 |   5 | 1443.4 |
        Shoals |   5019 |   4572 |    447 |   1094 |   1914 |   4 | 1254.8 |
     Snake Pit |   7848 |   7307 |    541 |   2478 |   2403 |   4 | 1962.0 |
  Orcish Mines |   2700 |   2186 |    514 |    458 |    862 |   2 | 1350.0 |
   Elven Halls |   4182 |   3737 |    445 |    789 |   1480 |   3 | 1394.0 |
        Vaults |   6621 |   5959 |    662 |    159 |   4146 |   5 | 1324.2 |
         Crypt |   3172 |   3022 |    150 |    717 |   1677 |   3 | 1057.3 |
        Depths |   4430 |   3826 |    604 |    405 |   2596 |   4 | 1107.5 |
           Zot |   5678 |   5410 |    268 |   1536 |   2337 |   5 | 1135.6 |
      Ziggurat |    412 |    412 |      0 |     51 |      0 |   8 |   51.5 |
        Bazaar |     96 |     96 |      0 |      0 |     28 |   1 |   96.0 |
         Sewer |    525 |    525 |      0 |    226 |     89 |   1 |  525.0 |
       Ossuary |    534 |    534 |      0 |    226 |     54 |   1 |  534.0 |
      Ice Cave |    137 |    137 |      0 |     54 |      0 |   1 |  137.0 |
    Desolation |    868 |    868 |      0 |    275 |    254 |   1 |  868.0 |
         Arena |     15 |     15 |      0 |      0 |      0 |   1 |   15.0 |
               +--------+--------+--------+--------+--------+-----+--------+

Top non-repeatable levels by time:
   Zot:5: 2842 daAuts
 Snake:2: 2375 daAuts
 Snake:4: 2042 daAuts
   Orc:2: 1937 daAuts
 Snake:3: 1896 daAuts
  Lair:3: 1775 daAuts
   Elf:2: 1744 daAuts
  Lair:2: 1713 daAuts
  Lair:1: 1667 daAuts
     D:7: 1649 daAuts
 Snake:1: 1534 daAuts
Shoals:4: 1497 daAuts
Vaults:5: 1482 daAuts
    D:15: 1458 daAuts
Shoals:3: 1448 daAuts
